 Dungeon Crawl Stone Soup version 0.30.1-3-gfc49f6343a (webtiles) character file.

Game seed: 8945686464578751268

7 DemonSlayer the Digger (level 1, -1/13 HPs)
             Began as a Demonspawn Earth Elementalist on July 20, 2023.
             Slain by a jackal (3 damage)
             ... on level 1 of the Dungeon.
             The game lasted 00:00:47 (136 turns).

DemonSlayer the Digger (DsEE)                        Turns: 136, Time: 00:00:48

Health: -1/13      AC:  2    Str:  8    XL:     1   Next: 83%
Magic:  2/3        EV: 12    Int: 16    God:
Gold:   0          SH:  0    Dex: 13    Spells: 3/4 levels left

rFire   . . .        (no weapon)
rCold   . . .        (no shield)
rNeg    . . .        a - +0 robe
rPois   .            (no helmet)
rElec   .            (no cloak)
rCorr   .            (no gloves)
SInv    .            (no boots)
Will    .....        (no amulet)
Stlth   ++           (no ring)
HPRegen 0.22/turn    (no ring)
MPRegen 0.08/turn

%: no passive effects
@: brilliant
A: no striking features
a: no special abilities


You were on level 1 of the Dungeon.
You visited 1 branch of the dungeon, and saw 1 of its levels.

Inventory:

Armour
 a - a +0 robe (worn)
Scrolls
 d - a scroll of identify


   Skills:
 + Level 1.8 Dodging
 + Level 1.7 Stealth
 + Level 0.3 Unarmed Combat
 + Level 2.0 Spellcasting
 + Level 0.8 Transmutations
 + Level 3.0 Earth Magic


You had 3 spell levels left.
You knew the following spells:

 Your Spells              Type           Power      Damage    Failure   Level
a - Sandblast             Erth           32%        2d9       6%          1

Your spell library contained the following spells:

 Spells                   Type           Power      Damage    Failure   Level
 Passwall                 Tmut/Erth      9%         N/A       14%         2
 Stone Arrow              Conj/Erth      18%        3d8       32%         3
 Petrify                  Tmut/Erth      11%        N/A       67%         4


Dungeon Overview and Level Annotations

Branches:
Dungeon (1/15)

Altars:


Message History

The bat completely misses you.
The jackal bites you but does no damage.
The bat closely misses you.
You hit the bat but do no damage. The bat closely misses you.
The jackal bites you. The jackal misses you. The bat misses you.
You hit the bat.
The bat is heavily wounded.
The bat hits you. The jackal completely misses you.
You closely miss the bat.
The bat is heavily wounded.
The bat hits you but does no damage. The jackal closely misses you.
The jackal bites you but does no damage.
The bat barely misses you. The jackal attacks as you move away!
The jackal barely misses you. The bat misses you.
The jackal bites you but does no damage.
You closely miss the bat.
The bat is heavily wounded.
The bat hits you but does no damage. The jackal bites you.
The bat closely misses you. The bat hits you.
You closely miss the bat.
The bat is heavily wounded.
The bat hits you but does no damage. The jackal closely misses you.
The jackal bites you.
* * * LOW HITPOINT WARNING * * *
The jackal attacks as you move away! The jackal misses you.
The bat closely misses you. The bat barely misses you.
You hit the bat.
You kill the bat!
The jackal closely misses you. The jackal bites you.
* * * LOW HITPOINT WARNING * * *
You see here a bat corpse.
The jackal closely misses you. The jackal attacks as you move away!
The jackal barely misses you.
Found a stone staircase leading down.
The jackal bites you.
* * * LOW HITPOINT WARNING * * *
The jackal misses you. The jackal attacks as you move away!
The jackal bites you.
You die...

#.## #.# #...# #.#
#...# #.# #...# #.#
....# #.#
#######..#.#########h##
+........#.............
#.#....###r.########.#.
#.>...@h.gSh.S.......#.
#########.#.#..#######
#.#.#..... #.#.##.####
#.#.##.# #...##.#
######.# #.#


You could see 2 jackals, a hobgoblin, 2 ball pythons and a rat.

Vanquished Creatures
  A ball python (D:1)
  2 jackals (D:1)
  2 bats (D:1)
  A frilled lizard (D:1)
6 creatures vanquished.

Notes
Turn   | Place    | Note
-------+----------+-------------------------------------------
     0 | D:1      | DemonSlayer the Demonspawn Earth Elementalist began the
                  | quest for the Orb.
     0 | D:1      | Reached XP level 1. HP: 13/13 MP: 3/3
   101 | D:1      | Reached skill level 3 in Earth Magic
   136 | D:1      | Slain by a jackal

Illustrated notes

Levels and vault maps discovered:
D:1:      lightli_arrival_statuegarden, layout_basic

Skill      XL: |  1 |
---------------+----+-----
Earth Magic    | 3 |  3.0
Dodging        | |  1.8
Stealth        | |  1.7
Unarmed Combat | |  0.3
Spellcasting   | |  2.0
Transmutations | |  0.8

Action                     || total
---------------------------++-------
  Melee: Unarmed           ||    10
   Cast: Sandblast         ||     9
    Use: Potion            ||     2
         Scroll            ||     1
   Stab: Sleeping          ||     1
 Armour: Robe              ||    17
  Dodge: Dodged            ||    43
